 Dungeon Crawl Stone Soup version 0.21.1-1-g345015fe64 (webtiles) character file.

5473 JOKERXD40 the Cleaver (level 10, 0/88 HPs)
             Began as a Hill Orc Fighter on June 12, 2018.
             Was a Priest of Beogh.
             Killed from afar by an orc (38 damage)
             ... with an exploding inner flame
             ... hexed by the player character
             ... on level 9 of the Dungeon on June 13, 2018.
             The game lasted 00:41:09 (8781 turns).

JOKERXD40 the Cleaver (Hill Orc Fighter)            Turns: 8781, Time: 00:41:12

Health: 0/88       AC: 20    Str: 22    XL:     10   Next: 69%
Magic:  7/10       EV:  4    Int:  8    God:    Beogh [***...]
Gold:   410        SH: 17    Dex: 11    Spells: 9/9 levels left

rFire    . . .     SeeInvis .   B - +0 war axe
rCold    + . .     Gourm    .   n - +0 large shield
rNeg     . . .     Faith    .   F - +3 plate armour
rPois    .         Spirit   .   p - +0 helmet
rElec    .         Reflect  .   (no cloak)
rCorr    .         Harm     .   q - +0 pair of gloves
MR       .....                  I - +0 pair of boots
Stlth    ..........             (no amulet)
HPRegen  0.24/turn              w - ring of protection from cold
MPRegen  0.12/turn              (no ring)

@: no status effects
A: no striking features
a: Smiting, Renounce Religion


You were on level 9 of the Dungeon.
You worshipped Beogh.
Beogh was most pleased with you.
You were not hungry.

You visited 1 branch of the dungeon, and saw 9 of its levels.

You collected 410 gold pieces.

Inventory:

Hand Weapons
 B - a +0 war axe (weapon)
 H - a +0 spear
Missiles
 k - 231 stones
 x - 8 tomahawks of dispersal (quivered)
Armour
 n - a +0 large shield (worn)
 p - a +0 helmet (worn)
 q - a +0 pair of gloves (worn)
 F - a +3 plate armour (worn)
 I - a +0 pair of boots (worn)
Jewellery
 w - a ring of protection from cold (left hand)
Wands
 b - a wand of paralysis (18)
 m - a wand of enslavement (10)
 r - a wand of iceblast (9)
 z - a wand of polymorph (5)
 E - a wand of random effects (52)
Scrolls
 a - a scroll of enchant armour {unknown}
 e - 3 scrolls of remove curse
 h - a scroll of fog
 i - a scroll of magic mapping {unknown}
 l - 2 scrolls of identify
 o - 2 scrolls of fear {unknown}
 s - a scroll of vulnerability {unknown}
 u - a scroll of noise {unknown}
 y - a scroll of immolation
 A - 3 scrolls of teleportation {unknown}
 G - 2 scrolls of amnesia {unknown}
 L - a scroll of enchant weapon {unknown}
Potions
 c - a potion of cancellation {unknown}
 d - a potion of brilliance {unknown}
 g - a potion of resistance
 t - a potion of mutation {unknown}
 v - a potion of agility {unknown}
 C - a potion of degeneration {unknown}
 D - a potion of curing {unknown}
 K - a potion of magic {unknown}
Books
 j - a book of Changes

   Spells                             Type                      Level
   a - Beastly Appendage              Transmutation                1
   b - Sticks to Snakes               Transmutation                2
   c - Spider Form                    Transmutation/Poison         3
   d - Ice Form                       Ice/Transmutation            4
   e - Blade Hands                    Transmutation                5
Comestibles
 f - 6 rations
 J - a chunk of flesh


   Skills:
 + Level 8.0 Fighting
 + Level 11.8 Axes
 + Level 7.4 Armour
 + Level 2.7 Dodging
 + Level 0.2 Stealth
 + Level 10.1 Shields
 + Level 0.1 Unarmed Combat
 + Level 0.1 Invocations


You had 9 spell levels left.
You didn't know any spells.

Dungeon Overview and Level Annotations

Branches:
Dungeon (9/15)
 Temple: D:4-7         Lair: D:8-11         Orc: D:9-12

Altars:
Ashenzari
Cheibriados
Dithmenos
Elyvilon
Gozag
Hepliaklqana
Kikubaaqudgha
Nemelex Xobeh
Okawaru
Qazlal
Ru
Uskayaw
Vehumet
Xom
Yredelemnul

Shops:
D:4 :


Message History

The wyvern bites your orc warrior.
You swap places.
Your orc warrior hits the wyvern but does no damage.
You block the wyvern's attack.
The two-headed ogre hits you with a giant club.
You block the two-headed ogre's attack.
You see here 6 arrows.
You swap places.
The wyvern bites your orc warrior!
Your orc warrior hits the two-headed ogre with a trident.
The wyvern bites your orc warrior but does no damage.
The two-headed ogre hits your orc warrior with a giant club!
The two-headed ogre hits your orc warrior with a giant spiked club!
Your orc warrior explodes!
The fiery explosion engulfs your orc.
Your orc explodes!
The fiery explosion engulfs your orc.
Your orc explodes!
The fiery explosion engulfs you!
You die...
Beogh appreciates your orc's killing of a heretic priest.

....... ## ##
......% #. .
....... #.#.
....... ...
....... #.#
..$..
#.###########O.#
#...<..)..§@(lc#
#.###.#..§§§##.#
#.# #...###o# ..
#o# ##.## #.# .#
#.# #.# #.. ..
#.# #.# #####
..... #.# #.#
#...# #.#.# #.#
#.# #...# #.#.#
##)##
#.####...###.#.#


You could see a two-headed ogre (inner flame), a wyvern (inner flame), a centaur
(inner flame) and a friendly orc (inner flame).

Vanquished Creatures
  A two-headed ogre (D:8)
  A steam dragon (D:8)
  A hungry ghost (D:7)
  Duvessa (D:4)
  5 orc warriors
  An ice beast (D:6)
  A black bear (D:7)
  6 sky beasts
  4 ogres
  2 phantoms (D:6)
  A crocodile (D:7)
  2 centaurs (D:5)
  2 bullfrogs (D:7)
  Dowan (D:4)
  2 scorpions
  2 jellies
  7 wights
  3 crimson imps (D:5)
  5 hounds
  A quasit (D:6)
  6 orc priests
  A bullfrog skeleton (D:6)
  3 human zombies (D:8)
  A human skeleton (D:8)
  An iguana (D:5)
  5 orc wizards
  6 worker ants
  A mummy (D:8)
  A worker ant zombie (D:7)
  6 gnolls
  A howler monkey skeleton (D:6)
  14 adders
  2 shadow imps
  2 oozes
  2 adder skeletons (D:8)
  A worm (D:2)
  5 leopard geckos
  29 orcs
  3 ball pythons
  4 giant cockroaches
  5 hobgoblins
  14 jackals
  9 quokkas
  5 bats
  5 frilled lizards
  3 goblins
  7 kobolds
  A leopard gecko skeleton (D:4)
  A leopard gecko zombie (D:5)
  4 rats
197 creatures vanquished.

Vanquished Creatures (collateral kills)
  A hippogriff (D:8)
  A wraith (D:8)
  An ice beast (D:8)
  A bullfrog (D:9)
  An elf skeleton (D:8)
  A hound (D:8)
  3 human zombies (D:8)
  An orc priest (D:8)
  A gnoll shaman (D:8)
  A human skeleton (D:8)
  A gnoll (D:8)
  2 adders
  A leopard gecko (D:9)
  2 orcs
  A quokka (D:8)
19 creatures vanquished.

Vanquished Creatures (others)
  A hippogriff (D:8)
  An adder (D:4)
  2 orcs
4 creatures vanquished.

Grand Total: 220 creatures vanquished

Notes
Turn   | Place    | Note
-------+----------+-------------------------------------------
     0 | D:1      | JOKERXD40 the Hill Orc Fighter began the quest for the Orb.
     0 | D:1      | Reached XP level 1. HP: 19/19 MP: 1/1
    18 | D:1      | Reached skill level 3 in Axes
    23 | D:1      | Reached XP level 2. HP: 9/26 MP: 2/2
   595 | D:2      | Found an opulent altar of Gozag.
   609 | D:2      | Found a snail-covered altar of Cheibriados.
   702 | D:2      | Reached XP level 3. HP: 33/33 MP: 3/3
  1053 | D:3      | Reached skill level 4 in Axes
  1240 | D:3      | Reached XP level 4. HP: 13/40 MP: 4/4
  1241 | D:3      | Reached skill level 1 in Dodging
  1495 | D:3      | Noticed an orc warrior
  1513 | D:3      | Killed an orc warrior
  1513 | D:3      | Reached XP level 5. HP: 24/46 MP: 5/5
  1541 | D:3      | HP: 2/46 [something (3)]
  1875 | D:3      | Found a faded altar of an unknown god.
  1910 | D:3      | Found a white marble altar of Elyvilon.
  1921 | D:3      | Reached XP level 6. HP: 53/53 MP: 6/6
  2198 | D:3      | Reached skill level 5 in Axes
  2419 | D:4      | Found a shimmering altar of Xom.
  2858 | D:4      | Reached skill level 5 in Shields
  2886 | D:4      | Became a worshipper of Beogh the Brigand
  2998 | D:4      | Reached XP level 7. HP: 55/60 MP: 7/7
  3071 | D:4      | Noticed Duvessa
  3073 | D:4      | Noticed Dowan
  3124 | D:4      | Killed Duvessa
  3124 | D:4      | Reached skill level 5 in Fighting
  3126 | D:4      | Killed Dowan
  3126 | D:4      | Reached skill level 6 in Axes
  3574 | D:4      | Found a shattered altar of Ashenzari.
  3640 | D:4      | Found Kamighys's Book Emporium.
  3691 | D:5      | Entered Level 5 of the Dungeon
  3691 | D:5      | Found a basalt altar of Yredelemnul.
  3981 | D:5      | Reached skill level 5 in Armour
  3981 | D:5      | Reached XP level 8. HP: 34/69 MP: 8/8
  3991 | D:5      | Reached * piety under Beogh
  4244 | D:5      | Reached skill level 7 in Axes
  4602 | D:5      | Reached skill level 8 in Axes
  4603 | D:5      | Found a radiant altar of Vehumet.
  4603 | D:5      | Found a sparkling altar of Nemelex Xobeh.
  4997 | D:6      | Reached XP level 9. HP: 53/75 MP: 9/9
  5011 | D:6      | Found a sacrificial altar of Ru.
  5052 | D:6      | Reached skill level 9 in Axes
  5763 | D:6      | Found a hazy altar of Hepliaklqana.
  6049 | D:6      | Found a hide-covered altar of Uskayaw.
  6119 | D:6      | Reached ** piety under Beogh
  6250 | D:7      | Found an iron altar of Okawaru.
  6346 | D:7      | Reached skill level 10 in Axes
  7039 | D:7      | Found a shadowy altar of Dithmenos.
  7179 | D:7      | Reached XP level 10. HP: 67/86 MP: 10/10
  7536 | D:8      | Reached *** piety under Beogh
  7803 | D:8      | Noticed a two-headed ogre
  7817 | D:8      | Killed a two-headed ogre
  7817 | D:8      | Reached skill level 11 in Axes
  8309 | D:8      | Found a stormy altar of Qazlal.
  8353 | D:8      | Reached skill level 10 in Shields
  8382 | D:8      | Found an ancient bone altar of Kikubaaqudgha.
  8771 | D:9      | Paralysed by a centaur for 5 turns
  8772 | D:9      | Noticed a two-headed ogre
  8781 | D:9      | Killed from afar by an orc

Skill      XL: |  1  2  3  4  5  6  7  8  9 10 |
---------------+-------------------------------+-----
Axes           | 3 4 5 6 8 10 11 | 11.8
Dodging        | 1 2 |  2.7
Fighting       | 4 5 6 7 8 |  8.0
Armour         | 4 5 6 7 |  7.4
Shields        | 4 5 6 7 9 10 | 10.1
Stealth        | |  0.2
Unarmed Combat | |  0.1
Invocations    | |  0.1

Action                   |  1- 3 |  4- 6 |  7- 9 | 10-12 || total
-------------------------+-------+-------+-------+-------++-------
Melee: War axe           |   123 |    36 |   544 |   153 ||   856
       Hand axe          |       |   139 |    95 |       ||   234
       Unarmed           |       |       |     2 |       ||     2
Invok: Convert to Beogh  |       |     1 |       |       ||     1
       Smiting           |       |       |     1 |     1 ||     2
Evoke: Wand              |       |       |       |     1 ||     1
  Use: Potion            |     1 |     1 |     1 |       ||     3
       Scroll            |       |     3 |     7 |     3 ||    13
 Stab: Distracted        |       |       |       |     1 ||     1
  Eat: Chunk             |     1 |     2 |     7 |     2 ||    12
       Ration            |       |     1 |     4 |     1 ||     6
Armor: Scale mail        |    56 |    31 |       |       ||    87
       Chain mail        |       |    72 |   291 |     5 ||   368
       Skin              |       |       |     1 |       ||     1
       Plate armour      |       |       |       |    67 ||    67
Dodge: Dodged            |    30 |    36 |    84 |    18 ||   168
Block: Shield            |    40 |       |       |       ||    40
       Large shield      |    43 |   172 |   558 |   129 ||   902
